Map: Cerulean Fall LE

Players

Lambo - Winner!

  • Race: Zerg Zerg
  • League: Grandmaster
  • Spawn Location: 1:00

GunGFuBanDa

  • Race: Protoss Protoss
  • League: Grandmaster
  • Spawn Location: 7:00

VOD

Have the link to the VOD?

Description

Time

  • Played on: Dec. 16, 2018, 7:58 a.m.
  • Length: 25:06
Show
View Real Time Build Order
Export as new Build Order

Lambo Zerg - Winner!

Build Orders: Hatch First, Brood Lord Corruptor 

Get SALT Encoding   

  12  0:00  Drone  
  13  0:12  Overlord  
  13  0:17  Drone  
  14  0:31  Drone x2  
  16  0:49  Drone x2  
  18  0:56  Drone  
  19  1:00  Hatchery  
  18  1:06  Extractor  
  17  1:15  Spawning Pool  
  17  1:17  Drone  
  17  1:22  Drone  
  18  1:28  Drone  
  19  1:39  Drone  
  20  1:51  Overlord  
  20  2:02  Queen  
  22  2:10  Metabolic Boost  
  22  2:12  Zergling x4  
  22  2:13  Queen  
  22  2:14  Zergling x2  
  27  2:22  Drone  
  28  2:27  Drone  
  29  2:33  Drone  
  30  2:44  Hatchery  
  29  2:45  Drone x2  
  31  2:52  Overlord  
  31  3:01  Queen, Drone  
  33  3:12  Drone x4  
  37  3:13  Drone  
  38  3:22  Drone  
  38  3:23  Zergling x4  
  38  3:24  Overlord  
  38  3:26  Zergling x2  
  42  3:32  Drone  
  43  3:42  Queen  
  43  3:43  Drone x4  
  43  3:47  Spore Crawler  
  48  3:51  Drone  
  48  3:57  Drone x2  
  48  3:59  Spore Crawler, Drone x2  
  50  4:03  Drone  
  50  4:05  Drone  
  50  4:09  Overlord  
  52  4:13  Drone x3  
  52  4:16  Overlord  
  53  4:28  Spore Crawler, Drone x3  
  55  4:35  Drone x3  
  58  4:38  Lair  
  58  4:40  Drone  
  58  4:42  Roach Warren  
  58  4:43  Extractor x2  
  56  4:49  Drone x4  
  60  4:53  Queen  
  60  4:58  Overlord  
  60  4:59  Drone x3  
  64  5:02  Overlord  
  64  5:11  Overlord  
  64  5:14  Drone  
  65  5:16  Overlord  
  65  5:18  Drone x2  
  67  5:22  Drone x2  
  67  5:23  Overlord, Drone  
  67  5:24  Drone x2  
  67  5:27  Queen  
  74  5:30  Queen  
  75  5:37  Drone  
  75  5:38  Spore Crawler, Drone  
  75  5:39  Drone  
  75  5:42  Evolution Chamber, Zergling x2  
  77  5:44  Zergling x4  
  77  5:46  Zergling x2  
  77  5:47  Zergling x8  
  77  5:48  Drone  
  77  5:49  Zergling x2  
  85  5:50  Zergling x2  
  85  5:57  Zergling x2  
  85  5:58  Extractor  
  85  6:00  Drone x2  
  85  6:02  Drone x3  
  85  6:03  Drone  
  91  6:08  Drone x2  
  91  6:09  Zerg Missile Weapons Level 1  
  93  6:12  Spore Crawler, Drone x2  
  93  6:14  Evolution Chamber  
  93  6:16  Drone x2  
  93  6:18  Drone  
  96  6:20  Extractor  
  96  6:22  Extractor  
  96  6:23  Queen  
  96  6:25  Drone x2  
  98  6:33  Drone x4  
  98  6:37  Spore Crawler  
  98  6:38  Drone x2  
  101  6:41  Baneling Nest  
  101  6:46  Drone x3  
  101  6:47  Zerg Melee Weapons Level 1  
  101  6:56  Hatchery  
  101  6:58  Baneling Nest  
  101  6:59  Hydralisk Den  
  99  7:05  Overlord x2  
  99  7:08  Infestation Pit  
  99  7:10  Drone x8  
  99  7:12  Pneumatized Carapace  
  99  7:14  Overseer  
  106  7:19  Overlord  
  106  7:20  Overlord  
  106  7:24  Spore Crawler, Drone x3  
  106  7:28  Drone x4  
  106  7:29  Drone  
  114  7:30  Drone x2  
  114  7:32  Drone x2  
  116  7:38  Drone x3  
  116  7:40  Grooved Spines  
  116  7:41  Centrifical Hooks  
  119  7:44  Hive  
  119  7:48  Spire  
  119  7:49  Hydralisk x3  
  124  7:53  Hydralisk x2  
  124  7:58  Hydralisk x2  
  130  8:03  Zerg Missile Weapons Level 2  
  130  8:05  Hydralisk x2  
  131  8:08  Spore Crawler  
  134  8:19  Overlord x2  
  134  8:20  Overlord  
  134  8:21  Hydralisk x4  
  134  8:23  Extractor, Spore Crawler  
  134  8:25  Extractor  
  137  8:27  Hydralisk x2  
  137  8:32  Drone x3  
  137  8:33  Drone  
  142  8:38  Hydralisk x4  
  150  8:44  Queen  
  150  8:45  Hydralisk x2  
  150  8:47  Overlord  
  156  8:52  Muscular Augments  
  156  8:54  Zerg Melee Weapons Level 2  
  156  8:56  Overlord  
  156  8:57  Pathogen Glands  
  156  9:12  Greater Spire  
  156  9:15  Burrow  
  156  9:18  Overseer  
  156  9:26  Hatchery  
  156  9:30  Spore Crawler  
  154  9:31  Spore Crawler  
  154  9:36  Infestor x6  
  162  9:39  Spore Crawler, Drone x9  
  169  9:48  Extractor  
  169  9:51  Spore Crawler  
  167  9:52  Extractor  
  167  9:54  Spore Crawler  
  167  9:55  Spore Crawler, Infestor x3  
  167  9:56  Overlord x2, Spine Crawler  
  169  10:03  Drone x3  
  169  10:05  Drone x3  
  175  10:11  Overlord x2  
  175  10:12  Overlord  
  175  10:15  Spore Crawler, Corruptor x2  
  175  10:16  Spore Crawler x2  
  175  10:19  Zerg Ground Armor Level 1  
  176  10:23  Adrenal Glands  
  176  10:29  Zerg Flyer Armor Level 1  
  176  10:33  Drone x6  
  182  10:36  Spine Crawler x2, Drone x2  
  182  10:37  Drone  
  183  10:43  Spine Crawler  
  182  10:50  Spine Crawler  
  182  10:52  Spine Crawler  
  180  10:58  Corruptor x5  
  180  11:02  Brood Lord  
  191  11:05  Overseer  
  191  11:14  Drone x7  
  198  11:20  Hatchery  
  197  11:27  Infestor  
  199  11:36  Spore Crawler x2  
  199  11:37  Baneling x11  
  199  11:38  Brood Lord x2, Spore Crawler x2  
  198  11:40  Brood Lord, Spore Crawler  
  199  11:58  Spore Crawler x2  
  199  11:59  Spire  
  199  12:01  Zerg Missile Weapons Level 3  
  196  12:10  Brood Lord  
  198  12:15  Overseer  
  198  12:16  Overseer  
  197  12:23  Zerg Flyer Weapons Level 1  
  189  12:38  Neural Parasite  
  189  12:41  Brood Lord  
  185  12:53  Infestor x7  
  182  12:59  Drone x3  
  182  13:00  Drone x3  
  182  13:01  Drone x5  
  182  13:05  Drone x8  
  199  13:29  Spine Crawler  
  199  13:30  Overseer  
  199  13:31  Spine Crawler  
  199  13:33  Spine Crawler x2  
  194  13:34  Spine Crawler x2  
  194  13:40  Corruptor  
  194  13:41  Corruptor x4  
  190  13:48  Overseer x2  
  198  13:49  Zerg Flyer Armor Level 2  
  198  13:57  Drone x2  
  198  14:02  Spine Crawler  
  199  14:03  Spine Crawler  
  199  14:04  Spore Crawler, Spine Crawler  
  199  14:05  Spore Crawler, Corruptor x2  
  199  14:06  Spore Crawler x4, Corruptor x2  
  199  14:08  Spore Crawler, Hatchery  
  197  14:15  Zerg Ground Armor Level 2  
  197  14:22  Drone x3  
  200  14:38  Zerg Melee Weapons Level 3  
  200  15:05  Spore Crawler x2  
  198  15:07  Spore Crawler x2  
  198  15:08  Spore Crawler  
  191  15:19  Brood Lord x3  
  197  15:23  Drone x3  
  200  15:30  Overseer x2  
  200  15:31  Overseer  
  199  16:06  Corruptor  
  183  16:20  Overlord x2  
  174  16:27  Spire x2  
  174  16:28  Overlord x2, Hydralisk  
  174  16:29  Hydralisk x2  
  162  16:39  Infestor x10  
  157  16:40  Overlord  
  157  16:41  Hydralisk x17  
  187  16:48  Overlord x2  
  187  16:49  Infestor x4  
  187  16:52  Overseer  
  192  17:02  Overlord  
  192  17:03  Zerg Ground Armor Level 3  
  192  17:04  Hydralisk x2  
  192  17:13  Infestor x4  
  194  17:28  Hydralisk x4  
  180  17:32  Infestor  
  182  17:45  Greater Spire  
  182  17:46  Zerg Flyer Weapons Level 2  
  182  17:55  Infestor  
  184  18:01  Extractor  
  184  18:04  Extractor  
  182  18:10  Infestor x4  
  190  18:18  Drone x4  
  194  18:20  Drone x2  
  194  18:22  Drone  
  194  18:24  Drone  
  198  18:33  Drone x2  
  200  18:48  Overseer  
  200  18:58  Overseer x2  
  200  19:07  Zerg Flyer Armor Level 3  
  200  19:13  Overseer x2  
  200  19:23  Spine Crawler  
  199  19:24  Spine Crawler  
  199  19:25  Brood Lord  
  180  20:19  Overseer x3  
  180  20:27  Infestor x9  
  190  20:54  Infestor x4  
  174  21:18  Infestor  
  174  21:19  Infestor x7  
  189  21:28  Drone  
  189  21:31  Overlord x4, Spine Crawler  
  189  21:32  Spine Crawler  
  188  21:33  Spine Crawler  
  188  21:34  Spine Crawler  
  180  21:52  Hatchery  
  179  21:56  Spine Crawler  
  179  21:59  Spine Crawler  
  177  22:01  Spine Crawler  
  177  22:02  Hatchery  
  177  22:07  Overseer x4  
  175  22:11  Drone x3  
  175  22:13  Spine Crawler x3, Drone x2  
  175  22:14  Spine Crawler  
  176  22:17  Spine Crawler x2  
  174  22:22  Hydralisk  
  174  22:23  Hydralisk x12  
  186  23:11  Corruptor x3  
  188  23:24  Drone x12  
  198  23:27  Overseer x2  
  198  23:33  Extractor  
  197  23:36  Extractor  
  196  23:52  Drone x3  
  198  24:14  Zergling x2  
Show
View Real Time Build Order
Export as new Build Order

GunGFuBanDa Protoss 

Build Orders: 1 Gate Expand, Oracle Opening, Phoenix Opening, Carriers, Mass Phoenix 

Get SALT Encoding   

  12  0:00  Probe  
  13  0:12  Probe  
  14  0:17  Pylon  
  14  0:24  Probe  
  15  0:32  Probe  
  15  0:39  Gateway  
  15  0:40  Probe  
  17  0:51  Probe, Assimilator  
  18  1:03  Probe  
  19  1:16  Probe  
  20  1:34  Nexus  
  20  1:38  Cybernetics Core  
  20  1:39  Probe  
  21  1:46  Assimilator  
  21  1:51  Probe  
  22  1:54  Pylon  
  22  2:03  Probe  
  22  2:05  Adept  
  23  2:15  Probe  
  26  2:20  Stargate  
  26  2:26  Probe  
  27  2:30  Warp Gate  
  27  2:34  Adept, Probe  
  29  2:42  Probe  
  29  2:43  Probe  
  32  2:53  Probe  
  32  2:56  Oracle  
  32  2:58  Probe  
  34  3:07  Probe  
  34  3:10  Probe  
  39  3:13  Adept  
  39  3:16  Assimilator  
  39  3:19  Probe  
  42  3:22  Probe  
  42  3:23  Gateway  
  43  3:31  Probe  
  43  3:32  Assimilator, Pylon  
  44  3:37  Phoenix  
  46  3:46  Probe  
  46  3:47  Pylon  
  46  3:50  Probe  
  46  3:54  Probe  
  48  4:02  Probe  
  50  4:05  Probe  
  50  4:06  Stargate, Phoenix  
  53  4:13  Pylon  
  53  4:19  Protoss Air Weapons Level 1  
  53  4:31  Phoenix  
  53  4:32  Pylon  
  53  4:34  Zealot  
  53  4:35  Zealot  
  59  4:46  Nexus  
  59  4:50  Pylon  
  59  4:55  Phoenix  
  61  5:03  Probe  
  61  5:04  Phoenix  
  64  5:07  Probe  
  64  5:11  Probe  
  65  5:15  Probe  
  65  5:19  Probe  
  65  5:20  Phoenix  
  69  5:25  Probe  
  71  5:30  Adept x2  
  71  5:33  Probe  
  71  5:35  Phoenix  
  78  5:37  Probe  
  79  5:44  Pylon  
  79  5:45  Probe  
  79  5:47  Phoenix  
  79  5:49  Probe  
  83  6:00  Phoenix  
  83  6:02  Probe  
  83  6:03  Fleet Beacon  
  85  6:05  Probe  
  85  6:06  Probe  
  85  6:10  Probe  
  88  6:14  Sentry  
  88  6:16  Assimilator  
  88  6:17  Probe, Assimilator  
  92  6:19  Probe  
  92  6:23  Probe  
  94  6:27  Probe  
  94  6:29  Stargate  
  94  6:30  Probe  
  96  6:35  Probe  
  96  6:36  Probe, Protoss Air Weapons Level 2, Carrier  
  98  6:42  Probe  
  99  6:48  Probe  
  99  6:49  Forge  
  106  6:55  Pylon  
  106  7:05  Pylon  
  106  7:06  Probe  
  107  7:08  Carrier  
  107  7:11  Pylon  
  113  7:18  Pylon  
  113  7:23  Carrier, Probe, Photon Cannon  
  113  7:24  Carrier  
  113  7:25  Photon Cannon  
  126  7:46  Probe  
  126  7:49  Probe  
  128  8:00  Nexus  
  128  8:02  Pylon  
  128  8:07  Carrier  
  128  8:09  Twilight Council  
  128  8:11  Protoss Ground Weapons Level 1  
  128  8:12  Shield Battery  
  128  8:14  Photon Cannon  
  134  8:20  Photon Cannon  
  140  8:27  Carrier  
  140  8:28  Carrier  
  144  8:43  Charge, Photon Cannon  
  144  8:44  Shield Battery  
  144  8:45  Probe  
  144  8:46  Photon Cannon  
  144  8:47  Probe  
  144  8:48  Probe, Protoss Air Weapons Level 3  
  147  8:49  Shield Battery  
  147  8:51  Pylon  
  147  9:04  Templar Archives  
  147  9:06  Probe, Assimilator  
  148  9:11  Assimilator  
  148  9:12  Probe  
  149  9:27  Carrier  
  155  9:34  Gateway  
  155  9:35  Psionic Storm, Gateway  
  155  9:38  Gateway  
  155  9:52  Mothership, High Templar x2, Photon Cannon  
  159  9:53  Pylon  
  159  9:56  Photon Cannon  
  159  10:01  Photon Cannon  
  159  10:04  Photon Cannon  
  159  10:12  Robotics Facility, Protoss Ground Weapons Level 2  
  167  10:19  Photon Cannon x2  
  167  10:21  Probe, Anion Pulse-Crystals  
  168  10:23  Shield Battery  
  168  10:24  Void Ray  
  172  10:35  Zealot x2  
  176  10:41  High Templar  
  178  10:47  Photon Cannon  
  178  10:49  Pylon  
  179  10:55  High Templar  
  179  10:59  Observer  
  180  11:05  Gateway  
  180  11:08  Gateway  
  180  11:12  High Templar x2, Zealot  
  180  11:16  Warp Prism, Archon  
  186  11:22  Gateway  
  188  11:35  Protoss Air Armor Level 1  
  188  11:44  Pylon  
  188  11:45  Pylon  
  188  11:51  Pylon  
  188  11:52  Pylon  
  188  11:54  Gateway  
  188  11:56  Gateway  
  188  12:01  Void Ray  
  188  12:06  Zealot  
  188  12:07  Zealot x3  
  192  12:38  Zealot x5  
  200  12:49  Protoss Ground Weapons Level 3  
  195  12:57  Blink  
  188  12:58  Zealot x6  
  192  13:07  Observer, Gateway, Pylon  
  192  13:09  Gateway  
  191  13:21  Oracle, Gateway  
  191  13:23  Gateway  
  191  13:26  Photon Cannon  
  184  13:28  Dark Shrine, Observer, Photon Cannon  
  177  13:38  Carrier  
  177  13:39  Carrier  
  167  13:44  High Templar x2  
  167  13:46  High Templar x5  
  167  13:47  High Templar x3  
  187  13:51  Archon x4  
  187  13:52  Shield Battery  
  193  13:59  Nexus  
  199  14:03  Shield Battery  
  199  14:05  Pylon  
  199  14:11  Probe  
  200  14:23  Assimilator  
  200  14:27  Protoss Air Armor Level 2, Assimilator  
  200  14:29  Photon Cannon  
  200  14:31  Photon Cannon  
  200  14:50  Pylon  
  200  15:12  Stargate x2  
  196  15:24  High Templar  
  186  15:57  Zealot x7  
  188  16:20  Zealot x7  
  198  16:26  Zealot  
  198  16:29  Dark Templar, Zealot  
  194  16:35  Probe  
  194  16:36  High Templar x4  
  185  16:42  Photon Cannon  
  185  16:43  Probe, Pylon  
  182  16:49  High Templar  
  182  16:53  Probe  
  184  16:59  Observer, Oracle  
  189  17:06  Mothership  
  189  17:11  High Templar  
  189  17:12  High Templar x3, Stalker  
  199  17:15  Archon  
  199  17:16  Archon  
  175  17:23  Carrier  
  175  17:24  Carrier  
  171  17:31  Carrier, High Templar x6  
  200  17:53  Assimilator  
  200  18:02  Protoss Air Armor Level 3  
  200  18:03  Photon Cannon  
  200  18:04  Pylon  
  200  18:15  Protoss Shields Level 1  
  200  18:37  Resonating Glaives  
  200  18:38  Photon Cannon  
  200  18:39  Nexus  
  200  18:49  Nexus  
  200  18:56  Pylon x2  
  200  19:08  Gateway, Robotics Bay  
  200  19:10  Gateway  
  200  19:12  Gateway  
  200  19:14  Gateway  
  200  19:15  Shield Battery  
  200  19:16  Shield Battery  
  200  19:32  Nexus  
  200  19:35  Photon Cannon  
  189  20:16  Zealot x3  
  187  20:27  Zealot x3  
  187  20:28  Zealot x10  
  179  20:29  Zealot x2  
  174  20:38  High Templar  
  174  20:39  High Templar x2  
  140  21:03  Stalker x13  
  140  21:04  Stalker x2  
  151  21:14  Mothership  
  145  21:27  Observer  
  146  21:39  Nexus  
  140  21:46  Tempest x3  
  144  21:48  Observer, Carrier  
  144  21:52  High Templar x5  
  168  22:05  Assimilator, Pylon  
  168  22:07  Assimilator x2  
  168  22:09  Assimilator  
  168  22:21  Carrier  
  144  23:30  Pylon  
  144  23:34  Dark Templar  
  144  23:41  Zealot x17  
  150  23:45  Oracle  
  178  23:55  Nexus  
  181  24:04  Photon Cannon  
  181  24:07  Shield Battery  
  181  24:09  Photon Cannon  
  181  24:10  Photon Cannon  
  135  24:37  High Templar x2  
  135  24:38  High Templar  
Tags
 
Add a new tag
Caveats
  • Supply blocks, unpowered buildings, or Contaminate may cause inaccurate times.
  • Supply counts are checked every 10 seconds.